[Event "8th Palmanova Open 2019"]
[Site "Palmanova"]
[Date "2019.12.08"]
[Round "5.6"]
[White "Bisaro, Andrea"]
[Black "Trussevich, Sergey"]
[Result "0-1"]
[ECO "A60"]
[WhiteElo "1825"]
[BlackElo "2275"]
[Annotator "NA"]
[PlyCount "111"]
[EventDate "2019.12.06"]
[EventType "swiss"]
[EventCountry "ITA"]
[SourceTitle "playchess.com"]
[Source "ChessBase"]
[SourceQuality "1"]
[TimeControl "5400+30"]

1. d4 Nf6 2. c4 e6 3. Nf3 c5 4. d5 exd5 5. cxd5 d6 6. Nc3 Be7 7. e4 a6 8. a4 Nbd7 9. a5 Nf8 10. h3 Ng6 11. Bd3 O-O 12. O-O Nd7 13. Re1 Bf6 14. Qc2 Re8 15. Bd2 Nde5 16. Nxe5 Bxe5 17. Ne2 Qh4 18. Ra3 Bxh3 19. gxh3 Qxh3 20. Ng3 Bxg3 21. fxg3 Qxg3+ 22. Kh1 Qh3+ 23. Kg1 Nh4 24. Bf1 Nf3+ 25. Rxf3 Qxf3 26. Bg2 Qg4 27. Rf1 h5 28. Rf4 Qg6 29. Rf5 f6 30. Qd3 Re5 31. Rxe5 fxe5 32. Qh3 Rf8 33. Qe6+ Kh7 34. Qh3 Qf7 35. Be3 g6 36. Qh4 Kg7 37. Qg5 Qf6 38. Qh6+ Kf7 39. Bh3 Rh8 40. Be6+ Ke7 41. Qg5 Rf8 42. Qxf6+ Kxf6 43. Kg2 g5 44. Bf5 Rb8 45. Bd2 b6 46. axb6 Rxb6 47. Bc3 a5 48. Bd7 Rb4 49. Bxb4 axb4 50. Bb5 g4 51. Be2 Kg5 52. b3 Kf4 53. Bd3 Ke3 54. Bc2 Kd2 55. Bb1 h4 56. Kh2 0-1

[Event "8th Palmanova Open 2019"]
[Site "Palmanova"]
[Date "2019.12.08"]
[Round "5.7"]
[White "Gregoric, Andraz"]
[Black "Laco, Giuseppe"]
[Result "1-0"]
[ECO "A34"]
[WhiteElo "1509"]
[BlackElo "2022"]
[Annotator "NA"]
[PlyCount "135"]
[EventDate "2019.12.06"]
[EventType "swiss"]
[EventCountry "ITA"]
[SourceTitle "playchess.com"]
[Source "ChessBase"]
[SourceQuality "1"]
[TimeControl "5400+30"]

1. e4 c5 2. Nf3 e6 3. c4 b6 4. Nc3 Bb7 5. Be2 d6 6. d4 Nd7 7. O-O Be7 8. Qa4 a6 9. Rd1 Qc7 10. Be3 Ngf6 11. e5 Bc6 12. exd6 Bxa4 13. dxc7 Bxd1 14. Rxd1 cxd4 15. Bxd4 Rc8 16. Ne5 Bc5 17. Nxd7 Bxd4 18. Nxf6+ Bxf6 19. Rd6 Bxc3 20. bxc3 Rxc7 21. Rxb6 Ke7 22. Kf1 a5 23. a4 Rhc8 24. Rb5 Rc5 25. Rb3 g6 26. Ke1 Rd8 27. Rb2 h5 28. f3 f5 29. f4 Rd6 30. Kf2 Kf6 31. h4 e5 32. g3 e4 33. Ke3 Ke7 34. Rb7+ Kd8 35. Rb8+ Kc7 36. Rg8 Kb7 37. Re8 Rc8 38. Re5 Ra6 39. Re7+ Rc7 40. Re5 Ra8 41. Kd4 Rd7+ 42. Rd5 Rad8 43. Ke5 Re8+ 44. Kf6 Rxd5 45. cxd5 Kc7 46. Kf7 Rd8 47. c4 Rd6 48. Ke7 Rd8 49. Ke6 Kb6 50. Ke7 Ra8 51. Kf7 Kc5 52. Kxg6 Rf8 53. Kg7 Rb8 54. Kf6 Rb2 55. Bxh5 e3 56. Kxf5 e2 57. Bxe2 Rxe2 58. h5 Kxc4 59. d6 Rd2 60. Ke6 Kc5 61. d7 Kc6 62. g4 Re2+ 63. Kf6 Kxd7 64. h6 Re4 65. Kf5 Re8 66. h7 Ke7 67. Kg6 Rf8 68. g5 1-0

[Event "8th Palmanova Open 2019"]
[Site "Palmanova"]
[Date "2019.12.08"]
[Round "5.8"]
[White "Savanovic, Maksim"]
[Black "Hercegovac, Neven"]
[Result "0-1"]
[ECO "A48"]
[WhiteElo "1799"]
[BlackElo "2003"]
[Annotator "NA"]
[PlyCount "66"]
[EventDate "2019.12.06"]
[EventType "swiss"]
[EventCountry "ITA"]
[SourceTitle "playchess.com"]
[Source "ChessBase"]
[SourceQuality "1"]
[TimeControl "5400+30"]

1. d4 Nf6 2. Bf4 g6 3. e3 Bg7 4. Nf3 O-O 5. Be2 b6 6. O-O Bb7 7. c3 d6 8. h3 Nbd7 9. a4 a6 10. Nbd2 c5 11. Bh2 Rc8 12. Bd3 Rc7 13. Qe2 Qa8 14. e4 Rcc8 15. e5 dxe5 16. dxe5 Nd5 17. e6 N7f6 18. exf7+ Rxf7 19. Ng5 Rff8 20. Qe6+ Kh8 21. Nf7+ Rxf7 22. Qxf7 Rd8 23. Rfe1 Bc8 24. Rxe7 Nxe7 25. Qxe7 Rxd3 26. Be5 Rd7 27. Qe6 Rxd2 28. Qe7 Qc6 29. Bxf6 Qxf6 30. Qe8+ Qf8 31. Qe3 Rxb2 32. Rd1 Bf5 33. Qg5 Rb1 0-1

[Event "8th Palmanova Open 2019"]
[Site "Palmanova"]
[Date "2019.12.08"]
[Round "5.9"]
[White "Herega, Nejc"]
[Black "Garau, Francesca"]
[Result "1-0"]
[ECO "E67"]
[WhiteElo "1642"]
[BlackElo "1628"]
[Annotator "NA"]
[PlyCount "77"]
[EventDate "2019.12.06"]
[EventType "swiss"]
[EventCountry "ITA"]
[SourceTitle "playchess.com"]
[Source "ChessBase"]
[SourceQuality "1"]
[TimeControl "5400+30"]

1. d4 Nf6 2. Nf3 g6 3. g3 Bg7 4. Bg2 O-O 5. O-O d6 6. c4 Nbd7 7. Nc3 e5 8. e3 c6 9. b3 e4 10. Nd2 d5 11. cxd5 cxd5 12. f3 exf3 13. Qxf3 Nb6 14. Ba3 Re8 15. e4 Be6 16. e5 Nfd7 17. Nb5 Bf8 18. Bd6 Rc8 19. Qe3 a6 20. Bxf8 Rxf8 21. Nd6 Rc7 22. Qh6 Nc8 23. Nf3 f6 24. Nh4 Ndb6 25. Nxc8 Nxc8 26. Qe3 Nb6 27. Rae1 Rc6 28. Nf3 Bf5 29. Rc1 Rxc1 30. Rxc1 Be4 31. exf6 Rxf6 32. Ne5 Bxg2 33. Kxg2 Nd7 34. Ng4 Rd6 35. Rf1 Rc6 36. Nh6+ Kg7 37. Rf7+ Kh8 38. Re7 Rc2+ 39. Kh3 1-0